 Dungeon Crawl Stone Soup version 0.21.1-1-g345015fe64 (webtiles) character file.

77 Knicklaso the Vandal (level 4, -2/30 HPs)
             Began as a Halfling Hunter on Apr 10, 2018.
             Was an Initiate of Yredelemnul.
             Slain by Sigmund
             ... wielding a +0 scythe
              (10 damage)
             ... on level 2 of the Dungeon.
             The game lasted 00:03:54 (930 turns).

Knicklaso the Vandal (Halfling Hunter)               Turns: 930, Time: 00:03:55

Health: -2/30      AC:  3    Str: 14    XL:     4   Next: 58%
Magic:  4/4        EV: 15    Int:  9    God:    Yredelemnul [......]
Gold:   76         SH:  0    Dex: 14    Spells: 3/3 levels left

rFire    . . .     SeeInvis .   a - +1 hunting sling
rCold    . . .     Gourm    .   (shield restricted)
rNeg     . . .     Faith    .   c - +0 leather armour
rPois    .         Spirit   .   (no helmet)
rElec    .         Reflect  .   (no cloak)
rCorr    .         Harm     .   (no gloves)
MR       .....                  (no boots)
Stlth    +.........             (no amulet)
HPRegen  0.10/turn              (no ring)
MPRegen  0.09/turn              (no ring)

@: no status effects
A: small, mutation resistance 1
a: Renounce Religion


You were on level 2 of the Dungeon.
You worshipped Yredelemnul.
Yredelemnul was noncommittal.
You were not hungry.

You visited 1 branch of the dungeon, and saw 2 of its levels.

You collected 76 gold pieces.

Inventory:

Hand Weapons
 a - a +1 hunting sling (weapon)
 b - a +0 dagger of venom
 j - a +0 short sword
Missiles
 d - 25 sling bullets (quivered)
 e - 65 stones
Armour
 c - a +0 leather armour (worn)
Jewellery
 i - a +3 ring of slaying {unknown}
 k - an uncursed ring of poison resistance {unknown}
Scrolls
 g - 4 scrolls of identify {unknown}
 h - 3 scrolls of amnesia {unknown}
Comestibles
 f - 2 rations


   Skills:
 + Level 2.7 Fighting
 - Level 5.8 Slings
 + Level 2.1 Armour
 + Level 3.2 Dodging
 - Level 1.1 Stealth
 + Level 0.5 Invocations


You had 3 spell levels left.
You didn't know any spells.

Dungeon Overview and Level Annotations

Branches:
Dungeon (2/15)

Altars:
Yredelemnul

Annotations:
D:2 Sigmund


Innate Abilities, Weirdness & Mutations

You are small and have problems with some larger weapons.
You are somewhat resistant to further mutation.


Message History

Something tries to affect you, but you resist.
You see here a club.
There is a stone staircase leading up here.
You hear some strange, mumbled words.
You are confused.
In your confused state, you trip and fall back down the stairs.
Something hits you.
In your confused state, you trip and fall back down the stairs.
* * * LOW HITPOINT WARNING * * *
Sigmund appears from thin air!
Reactivating autopickup.
Sigmund barely misses you.
In your confused state, you trip and fall back down the stairs.
* * * LOW HITPOINT WARNING * * *
You feel less confused.
Sigmund points at you and mumbles some strange words.
You resist with some effort.
Sigmund hits you from afar with a scythe!
You die...
Your body rises from the dead as a mindless zombie.

#.# ##..### # ##### #.#
#.....## # ##.#.# #.# #.#.#..#
# #^.^^# #.#####......## #
'^.^_# #.....).#.#...# #
#.^^.# #....#........# #
##^#^# ### ##.#.###.###..# #
#########.#######.@.....###..#
# # #.........@.....#......# #
# ###.........<.....#.#.†# # #
###.####..........†..# # # #.#
#..#.....#.#..#### # #.#
#..#............## #.#
#................. #.#
#.......#######.## #.#
#.###...# #.# #†# #.......#
#.#


You could see Sigmund.

Vanquished Creatures
  Jessica (D:2)
  An adder (D:2)
  A dart slug (D:2)
  3 leopard geckos
  6 bats
  A giant cockroach (D:2)
  A goblin (D:2)
  8 hobgoblins
  3 jackals (D:2)
  4 frilled lizards
  4 kobolds (D:1)
  3 rats
  A spectral orc (D:2)
37 creatures vanquished.

Notes
Turn   | Place    | Note
-------+----------+-------------------------------------------
     0 | D:1      | Knicklaso the Halfling Hunter began the quest for the Orb.
     0 | D:1      | Reached XP level 1. HP: 14/14 MP: 1/1
    50 | D:1      | Reached XP level 2. HP: 19/19 MP: 2/2
   101 | D:1      | Reached skill level 1 in Armour
   280 | D:1      | Reached XP level 3. HP: 24/24 MP: 3/3
   471 | D:2      | Noticed Jessica
   476 | D:2      | Killed Jessica
   476 | D:2      | Reached XP level 4. HP: 23/30 MP: 4/4
   522 | D:2      | Found a basalt altar of Yredelemnul.
   535 | D:2      | Became a worshipper of Yredelemnul the Dark
   883 | D:2      | Noticed Sigmund
   930 | D:2      | Slain by Sigmund

Skill      XL: |  1  2  3  4 |
---------------+-------------+-----
Fighting       | 2 |  2.7
Armour         | 1 2 |  2.1
Dodging        | 3 |  3.2
Slings         | |  5.8
Stealth        | |  1.1
Invocations    | |  0.5

Action                   |  1- 3 |  4- 6 || total
-------------------------+-------+-------++-------
 Fire: Hunting sling     |    38 |    47 ||    85
Armor: Leather armour    |       |     1 ||     1
Dodge: Dodged            |       |     7 ||     7
